 Dungeon Crawl Stone Soup version 0.22-a0-348-gd16d139 (webtiles) character file.

53 Deeps the Skirmisher (level 3, -5/24 HPs)
             Began as a Gargoyle Fighter on Apr 8, 2018.
             Slain by Sigmund
             ... wielding a +0 scythe
              (9 damage)
             ... on level 2 of the Dungeon.
             The game lasted 00:02:31 (1369 turns).

Deeps the Skirmisher (Gargoyle Fighter)             Turns: 1369, Time: 00:02:31

Health: -5/24      AC: 11    Str: 20    XL:     3   Next: 89%
Magic:  3/3        EV:  6    Int: 10    God:
Gold:   85         SH:  0    Dex:  9    Spells: 2/2 levels left

rFire    . . .     SeeInvis .   a - +0 war axe
rCold    . . .     Gourm    .   (no shield)
rNeg     + . .     Faith    .   b - +1 scale mail
rPois    ∞         Spirit   .   (no helmet)
rElec    +         Reflect  .   (no cloak)
rCorr    .         Harm     .   (no gloves)
MR       .....                  (no boots)
Stlth    ..........             l - amulet of inaccuracy (curse)
HPRegen  0.08/turn              h - -3 ring of evasion (curse)
MPRegen  0.08/turn              e - +2 ring of intelligence

@: no status effects
A: negative energy resistance 1, electricity resistance, unbreathing,
petrification resistance, rot immunity, AC +3
a: no special abilities


You were on level 2 of the Dungeon.
You were hungry.

You visited 1 branch of the dungeon, and saw 2 of its levels.

You collected 85 gold pieces.

Inventory:

Hand Weapons
 a - a +0 war axe (weapon)
Armour
 b - a +1 scale mail (worn)
Jewellery
 e - a +2 ring of intelligence (right hand)
   (You found it on level 1 of the Dungeon)
 h - a cursed -3 ring of evasion (left hand)
   (You found it on level 1 of the Dungeon)
 l - a cursed amulet of inaccuracy (around neck)
   (You found it on level 2 of the Dungeon)
Scrolls
 c - a scroll of amnesia
 i - a scroll of teleportation
 m - a scroll of enchant armour
Potions
 d - a potion of might
 g - a potion of curing {unknown}
 n - a potion of mutation {unknown}
Comestibles
 f - 2 rations {@e1}


   Skills:
 + Level 4.1 Fighting
 + Level 2.7 Axes
 - Level 3.2 Armour
 + Level 0.6 Dodging
 + Level 0.4 Stealth
   Level 3.2 Shields


You had 2 spell levels left.
You didn't know any spells.

Dungeon Overview and Level Annotations

Branches:
Dungeon (2/15)

Altars:

Annotations:
D:2 Sigmund


Innate Abilities, Weirdness & Mutations

You are resistant to torment.
Your stone body is resilient. (AC +3)
You are immune to poison.
You resist negative energy. (rN+)
You are resistant to electric shocks. (rElec)
You can survive without breathing.
You are immune to petrification.
You are immune to rotting.


Message History

There are monsters nearby!
There are monsters nearby!
There are monsters nearby!
There are monsters nearby!
There are monsters nearby!
You miss the bat. The bat hits you but does no damage. x2
The bat barely misses you. The bat hits you but does no damage. x2
You closely miss the bat. You miss the frilled lizard. The bat hits you.
The frilled lizard bites you but does no damage.
You take 1 damage, and have 23/24 hp.
You miss the frilled lizard. You miss the bat.
The bat hits you but does no damage.
The frilled lizard bites you but does no damage.
The frilled lizard closely misses you.
You miss the frilled lizard. The bat barely misses you.
The frilled lizard bites you but does no damage.
You completely miss the frilled lizard. The bat barely misses you.
The frilled lizard bites you but does no damage.
A goblin comes into view. It is wielding a club.
You barely miss the frilled lizard.
The goblin shouts!
The frilled lizard bites you but does no damage.
The bat closely misses you.
The frilled lizard bites you but does no damage.
You barely miss the frilled lizard. The bat hits you.
The frilled lizard bites you but does no damage.
The goblin hits you with a club.
You take 3 damage, and have 20/24 hp.
You closely miss the frilled lizard. You closely miss the goblin.
The bat hits you but does no damage. The frilled lizard bites you.
The bat hits you but does no damage. The goblin hits you but does no damage.
The frilled lizard bites you but does no damage.
You take 2 damage, and have 18/24 hp.
You closely miss the frilled lizard. You miss the goblin.
You closely miss the bat. The bat hits you but does no damage. x2
The goblin hits you but does no damage. The frilled lizard barely misses you.
You closely miss the frilled lizard. You hit the goblin.
You kill the goblin!
The bat closely misses you. The bat hits you but does no damage.
The frilled lizard bites you but does no damage.
You miss the frilled lizard. The bat barely misses you.
The frilled lizard bites you but does no damage.
The frilled lizard barely misses you.
You closely miss the frilled lizard. The bat hits you but does no damage.
The frilled lizard barely misses you.
You closely miss the frilled lizard. You miss the bat.
The bat hits you but does no damage.
The frilled lizard bites you but does no damage.
You slash the frilled lizard!
You kill the frilled lizard!
The bat hits you but does no damage. x2
You closely miss the bat. The bat barely misses you.
Sigmund the Dreaded comes into view.
He is wielding a scythe.
You miss the bat.
Sigmund shouts!
The bat barely misses you. The bat closely misses you.
The bat hits you but does no damage. Sigmund hits you but does no damage.
Things that are here:
a club; a scroll labeled EFUFIL YGOIXU; a goblin corpse You miss Sigmund.
You miss the bat. The bat hits you but does no damage. The bat hits you.
Sigmund hits you but does no damage.
You take 1 damage, and have 18/24 hp.
You barely miss Sigmund.
Your scale mail prevents you from hitting the bat.
The bat hits you but does no damage. x2; Sigmund barely misses you.
You closely miss Sigmund. The bat hits you.
You take 1 damage, and have 17/24 hp.
You miss Sigmund. The bat barely misses you. Sigmund casts a spell at you.
You resist with significant effort. Sigmund barely misses you.
Unknown command.
You slash Sigmund! The bat hits you but does no damage.
The bat barely misses you. Sigmund barely misses you.
You hit Sigmund but do no damage. You closely miss the bat.
The bat hits you but does no damage. Sigmund hits you but does no damage.
You slash Sigmund! The bat closely misses you.
You barely miss Sigmund. You closely miss the bat. The bat hits you.
Sigmund casts a spell at you. The puff of flame hits you!
Sigmund hits you with a scythe.
* * * LOW HITPOINT WARNING * * *
You take 10 damage, and have 7/24 hp.
MASSIVE DAMAGE!!
You barely miss Sigmund. You miss the bat. The bat hits you but does no damage.
Sigmund points at you and mumbles some strange words.
You resist with significant effort.
You closely miss Sigmund. You miss the bat.
The bat hits you but does no damage. x2
Sigmund says, "Look into my eyes."
Sigmund hits you with a scythe.
* * * LOW HITPOINT WARNING * * *
You take 3 damage, and have 4/24 hp.
You barely miss Sigmund. The bat hits you but does no damage.
Sigmund is suddenly surrounded by pale red light.
Sigmund barely misses you. The bat hits you but does no damage.
Unknown command.
You miss Sigmund. You closely miss the bat.
The bat hits you but does no damage. x3; Sigmund hits you with a scythe!
You die...

##... ## ###... #.#
##..# #..... #..# ...#
##.#### #...###
#..#####..#### ###%.....
...........##
........####..#.#####...
.......@....<.#.# ####
......b@..#...#.########
......†.................
..................######
..........#.####..#
......?.....# #..####
.........#..## #.....###
........###...###.....#.
######### #.#..####.#...
####.##..###....#


You could see Sigmund and a bat.

Vanquished Creatures
  An adder (D:2)
  2 oozes (D:2)
  A dart slug (D:1)
  2 leopard geckos
  4 bats
  2 giant cockroaches (D:1)
  3 goblins
  4 hobgoblins
  A quokka (D:2)
  A ball python (D:1)
  2 frilled lizards (D:2)
  4 kobolds
  5 rats
32 creatures vanquished.

Notes
Turn   | Place    | Note
-------+----------+-------------------------------------------
     0 | D:1      | Deeps the Gargoyle Fighter began the quest for the Orb.
     0 | D:1      | Reached XP level 1. HP: 14/14 MP: 1/1
    59 | D:1      | Reached XP level 2. HP: 10/20 MP: 2/2
   340 | D:1      | Reached skill level 2 in Axes
   771 | D:1      | Reached skill level 4 in Fighting
   914 | D:2      | Reached XP level 3. HP: 23/24 MP: 3/3
  1356 | D:2      | Noticed Sigmund
  1367 | D:2      | HP: 4/24 [Sigmund/scythe (3)]
  1369 | D:2      | Slain by Sigmund

Vault maps used:
D:1:      minmay_arrival_open_corners
D:2:      marbit_many_paths, first_ration, uniq_sigmund

Skill      XL: |  1  2 |
---------------+-------+-----
Axes           | 2 |  2.7
Fighting       | 4 |  4.1
Armour         | |  3.2
Dodging        | |  0.6
Stealth        | |  0.4
Shields        | |  3.2

Action                   || total
-------------------------++-------
Melee: War axe           ||   170
  Use: Scroll            ||     3
  Eat: Chunk             ||     1
Armor: Scale mail        ||   181
Dodge: Dodged            ||    73
Block: Large shield      ||    66

Table legend:
 A = Spawn XP
 B = Non-spawn XP
 C = Spawn XP percentage of total XP
 D = Spawn monster count
 E = Non-spawn monster count
 F = Spawn count percentage of total count
 G = Total turns spent on level
                    A         B        C        D         E        F      G
               +---------+---------+-------+---------+---------+-------+---------
         Total |       0 |      77 |   0.0 |       0 |      32 |   0.0 |  1369
               +---------+---------+-------+---------+---------+-------+---------
           D:1 |       0 |      32 |   0.0 |       0 |      17 |   0.0 |   892
           D:2 |       0 |      45 |   0.0 |       0 |      15 |   0.0 |   477
               +---------+---------+-------+---------+---------+-------+---------

Vault maps used:
D:1:      minmay_arrival_open_corners
D:2:      marbit_many_paths, first_ration, uniq_sigmund

Table legend:
 A = Turns spent in this place as a percentage of turns spent in the entire game.
 B = Non-inter-level travel turns spent in this place as a percentage of non-inter-level travel turns spent in the entire game.
 C = Inter-level travel turns spent in this place as a percentage of turns spent in this place.
 D = Turns resting spent in this place as a percentage of non-inter-level travel turns spent in this place.
 E = Turns spent auto-exploring this place as a percentage of non-inter-level travel turns spent in this place.
 F = Non-inter-level travel turns spent in this place divided by the number of levels of this place that you've seen.
                   A       B       C       D       E      F
               +-------+-------+-------+-------+-------+----------------------
         Total | 100.0 | 100.0 |   1.6 |  25.2 |  46.8 | 673.5
       Dungeon | 100.0 | 100.0 |   1.6 |  25.2 |  46.8 | 673.5
               +-------+-------+-------+-------+-------+----------------------

Table legend:
 A = Kills in this place as a percentage of kills in entire the game.
 B = Kills by you in this place as a percentage of kills by you in the entire game.
 C = Kills by friends in this place as a percentage of kills by friends in the entire game.
 D = Other kills in this place as a percentage of other kills in the entire game.
 E = Experience gained in this place as a percentage of experience gained in the entire game.
 F = Experience gained in this place divided by the number of levels of this place that you have seen.
                   A       B       C       D       E      F
               +-------+-------+-------+-------+-------+----------------------
         Total | 100.0 | 100.0 |   N/A |   N/A | 100.0 |  38.5
       Dungeon | 100.0 | 100.0 |   N/A |   N/A | 100.0 |  38.5
               +-------+-------+-------+-------+-------+----------------------
